 Dungeon Crawl Stone Soup version 0.21-a0-84-g85d6d27 (webtiles) character file.

247 roflturtle the Changer (level 5, -1/41 HPs)
             Began as a Draconian Transmuter on July 4, 2017.
             Slain by Duvessa
             ... wielding a +0 short sword
              (3 damage)
             ... on level 4 of the Dungeon.
             The game lasted 00:14:27 (2399 turns).

roflturtle the Changer (Draconian Transmuter)       Turns: 2399, Time: 00:14:27

Health: -1/41      AC:  2    Str: 12    XL:     5   Next: 85%
Magic:  12/17      EV: 19    Int: 14    God:
Gold:   169        SH:  0    Dex: 17    Spells: 2/8 levels left

rFire    . . .     SeeInvis .     - Unarmed
rCold    . . .     Gourm    .   (shield currently unavailable)
rNeg     . . .     Faith    .   (armour unavailable)
rPois    x         Spirit   .   (helmet currently unavailable)
rElec    .         Reflect  .   (cloak currently unavailable)
rCorr    .         Harm     .   (gloves currently unavailable)
MR       .....                  (boots currently unavailable)
Stlth    ++........             (no amulet)
HPRegen  0.13/turn              g - ring of magical power
MPRegen  0.15/turn              (no ring)

@: spider-form (expiring)
A: unfitting armour, AC +5
a: End Transformation


You were on level 4 of the Dungeon.
You were not hungry.
You were a venomous arachnid creature.
You visited 1 branch of the dungeon, and saw 4 of its levels.

You collected 169 gold pieces.

Inventory:

Hand Weapons
 i - a +1 dagger of speed
 n - a +0 whip of pain
Missiles
 a - 26 arrows
Jewellery
 g - a ring of magical power (left front leg)
Scrolls
 e - a scroll of recharging {unknown}
 j - a scroll of fear
 k - a scroll of amnesia
Potions
 f - a potion of curing
 l - a potion of berserk rage
 m - 2 potions of brilliance {unknown}
 o - a potion of invisibility
 s - a potion of might
Books
 b - a book of Changes

   Spells                             Type                      Level
   a - Beastly Appendage              Transmutation                1
   b - Sticks to Snakes               Transmutation                2
   c - Spider Form                    Transmutation/Poison         3
   d - Ice Form                       Ice/Transmutation            4
   e - Blade Hands                    Transmutation                5
 q - a book of Conjurations

   Spells                             Type                      Level
   a - Magic Dart                     Conjuration                  1
   b - Searing Ray                    Conjuration                  2
   c - Dazzling Spray                 Conjuration/Hexes            3
   d - Fulminant Prism                Conjuration/Hexes            4
   e - Force Lance                    Conjuration/Translocation    4
   f - Iskenderun's Mystic Blast      Conjuration                  4
Comestibles
 c - a bread ration
 d - 11 chunks of flesh
 h - a royal jelly


   Skills:
 - Level 2.0 Fighting
 - Level 2.0 Dodging
 - Level 3.0 Unarmed Combat
 - Level 2.0 Spellcasting
 + Level 4.8 Transmutations
 - Level 3.1 Poison Magic


You had 2 spell levels left.
You knew the following spells:

 Your Spells              Type           Power        Failure   Level  Hunger
a - Beastly Appendage     Tmut           ##....       11%         1    ##.....
b - Sticks to Snakes      Tmut           ##......     14%         2    ###....
c - Spider Form           Tmut/Pois      ##........   32%         3    ####...


Dungeon Overview and Level Annotations

Branches:
Dungeon (4/15)
 Temple: D:4-7

Altars:
Dithmenos
The Shining One

Shops:
D:4 (

Annotations:
D:3 Sigmund
D:4 Duvessa


Innate Abilities, Weirdness & Mutations

((Your plain brown scales are hard. (AC +5)))
You cannot fit into any form of body armour.
((You are cold-blooded and may be slowed by cold attacks.))


Message History

You hit Duvessa.
Duvessa looks as sick as possible!
Duvessa is moderately wounded.
Duvessa misses you. Duvessa hits you but does no damage.
Duvessa hits you with a short sword!
* * * LOW HITPOINT WARNING * * *
You hit Duvessa.
Duvessa is heavily wounded.
Duvessa hits you with a short sword!
* * * LOW HITPOINT WARNING * * *
You feel much better. Duvessa misses you. x2
You hit Duvessa.
Duvessa looks as sick as possible!
Duvessa is severely wounded.
Duvessa closely misses you.
You hit Duvessa.
Duvessa looks as sick as possible!
Duvessa is almost dead.
Your transformation is almost over.
Duvessa closely misses you. Duvessa hits you with a short sword!
* * * LOW HITPOINT WARNING * * *
Duvessa is no longer berserk.
Duvessa hits you with a short sword.
You die...

.............
#....................#
#....................#
.....................#
.....................#
.....................#
.....................#
................s.)..##
................e.....##
...###..............##.##
.....##.............##..#
..##..###...........###..#
..# ..# ###........## ####
.## .# ###.....## ## .#
####..# # # ##..##


You could see Duvessa.

Vanquished Creatures
  An ogre (D:4)
  Dowan (D:4)
  4 adders
  2 oozes
  2 adder skeletons (D:4)
  A worm (D:2)
  A dart slug (D:2)
  2 leopard geckos
  An orc (D:4)
  5 bats
  6 giant cockroaches
  6 goblins
  6 hobgoblins
  2 quokkas
  2 ball pythons
  7 frilled lizards
  4 kobolds
  A leopard gecko skeleton (D:4)
  A quokka skeleton (D:4)
  5 rats
  A fungus (D:1)
61 creatures vanquished.

Vanquished Creatures (collateral kills)
  An adder (D:2)
  A bat (D:2)
2 creatures vanquished.

Grand Total: 63 creatures vanquished

Notes
Turn   | Place    | Note
-------+----------+-------------------------------------------
     0 | D:1      | roflturtle the Draconian Transmuter began the quest for the Orb.
     0 | D:1      | Reached XP level 1. HP: 16/16 MP: 3/3
   307 | D:1      | Reached XP level 2. HP: 24/24 MP: 3/5
   901 | D:2      | Reached XP level 3. HP: 27/29 MP: 4/6
   933 | D:2      | Reached skill level 3 in Transmutations
   970 | D:2      | Learned a level 2 spell: Sticks to Snakes
   974 | D:2      | Learned a level 3 spell: Spider Form
  1165 | D:2      | Found a glowing golden altar of the Shining One.
  1618 | D:2      | Reached XP level 4. HP: 36/36 MP: 7/7
  1865 | D:3      | Reached skill level 4 in Transmutations
  1892 | D:3      | Found a shadowy altar of Dithmenos.
  1987 | D:3      | Noticed Sigmund
  2059 | D:3      | Reached skill level 1 in Poison Magic
  2128 | D:4      | Noticed an ogre
  2138 | D:4      | Killed an ogre
  2138 | D:4      | Reached XP level 5. HP: 38/41 MP: 8/8
  2295 | D:4      | Found Qeck's Antique Weapon Shoppe.
  2342 | D:4      | Noticed Dowan
  2368 | D:4      | Killed Dowan
  2379 | D:4      | Noticed Duvessa
  2394 | D:4      | HP: 1/41 [Duvessa/short sword (10)]
  2399 | D:4      | Slain by Duvessa

Vault maps used:
D:1:      minmay_arrival_cross, minmay_gold_behind_fungi, bh_walls_and_bars
D:2:      overflow_temple_1_default
D:3:      old_standard_altar, okawaru_ov_weapons_minmay, uniq_sigmund
D:4:      first_bread, serial_shops, nicolae_shop_stone, fedhas_altar_2,
          uniq_duvessa

Skill      XL: |  1  2  3  4 |
---------------+-------------+-----
Dodging        | 2 |  2.0
Fighting       | 2 |  2.0
Transmutations | 3 4 |  4.8
Poison Magic   | 3 |  3.1
Unarmed Combat | |  3.0
Spellcasting   | |  2.0

Action                   |  1- 3 |  4- 6 || total
-------------------------+-------+-------++-------
Melee: Unarmed           |   145 |    92 ||   237
       Headbutt          |    12 |     5 ||    17
       Tailslap          |     7 |     7 ||    14
       Kick              |     9 |     2 ||    11
       Punch             |     2 |     1 ||     3
 Cast: Beastly Appendage |    16 |     7 ||    23
       Sticks to Snakes  |     3 |     3 ||     6
       Spider Form       |       |     3 ||     3
  Use: Scroll            |       |    11 ||    11
       Potion            |       |     1 ||     1
 Stab: Sleeping          |       |     1 ||     1
       Distracted        |       |     1 ||     1
  Eat: Chunk             |     3 |     3 ||     6
Armor: Skin              |    42 |    15 ||    57
Dodge: Dodged            |    65 |    56 ||   121
